 Dungeon Crawl Stone Soup version 0.31-a0-859-g9dce7d3444 (webtiles) character file.

Game seed: 2440928681996865698

5770 kae the Severer (level 10, -14/82 (86) HPs)
             Began as a Hill Orc Fighter on Oct 9, 2023.
             Was a Believer of Qazlal.
             Demolished by a two-headed ogre
             ... wielding a +0 giant club
              (17 damage)
             ... on level 9 of the Dungeon.
             The game lasted 00:06:03 (11089 turns).

kae the Severer (Hill Orc Fighter)                 Turns: 11089, Time: 00:06:03

HP:   -14/82 (86)   AC:  9    Str: 24    XL:     10   Next: 78%
MP:   16/16         EV:  9    Int:  8    God:    Qazlal [**....]
Gold: 1041          SH:  7    Dex: 10    Spells: 9/9 levels left

rFire   . . .        a - +1 war axe (venom)
rCold   . . .        c - +0 buckler
rNeg    . . .        b - +0 scale mail
rPois   .            r - +0 helmet
rElec   .            (no cloak)
rCorr   .            (no gloves)
SInv    +            (no boots)
Will    .....        (no amulet) Stlth
                     v - ring of see invisible
HPRegen 0.33/turn    (no ring)
MPRegen 0.15/turn

%: no passive effects
@: lightly drained
A: no striking features
a: Renounce Religion, Upheaval


You were on level 9 of the Dungeon.
You worshipped Qazlal.
Qazlal was pleased with you.
You visited 1 branch of the dungeon, and saw 9 of its levels.

You collected 1123 gold pieces.
You spent 82 gold pieces at shops.


   Skills:
 - Level 7.0 Fighting
 * Level 15.5 Axes
 - Level 7.0 Armour
 - Level 3.2 Shields
 + Level 9.1 Invocations


You had 9 spell levels left.
You didn't know any spells.
Your spell library contained the following spells:

 Spells                   Type           Power      Damage    Failure   Level
 Apportation              Tloc           0%         N/A       75%         1
 Blink                    Tloc           0%         N/A       87%         2
 Lesser Beckoning         Tloc           0%         N/A       87%         2
 Momentum Strike          Conj/Tloc      0%         3d8       87%         2
 Wereblood                Tmut           0%         N/A       87%         2
 Irradiate                Conj/Tmut      0%         3d11      100%        5

Inventory:

Hand Weapons
 a - a +1 war axe of venom (weapon)
Missiles
 f - 13 boomerangs
 h - 82 stones
 y - 21 poisoned darts
 E - 2 throwing nets {=f!f}
Armour
 b - a +0 scale mail (worn)
 c - a +0 buckler (worn)
 r - a +0 helmet (worn)
   (You found it on level 2 of the Dungeon)
Magical Staves
 k - a staff of conjuration {!a}
   (You found it on level 1 of the Dungeon)
Jewellery
 v - a ring of see invisible (left hand)
   (You found it on level 3 of the Dungeon)
 G - an amulet of guardian spirit
   (You found it on level 9 of the Dungeon)
Wands
 m - a wand of paralysis (14)
   (You found it on level 3 of the Dungeon)
 z - a wand of mindburst (10)
   (You found it on level 5 of the Dungeon)
 C - a wand of roots (4)
   (You found it on level 8 of the Dungeon)
Scrolls
 g - 2 scrolls of fog
 n - a scroll of immolation {!r!r}
 q - 3 scrolls of teleportation {@r4}
 s - 4 scrolls of poison {!r}
 w - a scroll of brand weapon
 D - a scroll of blinking {!r}
 F - 3 scrolls of identify {@r1}
 H - a scroll of revelation {unknown}
Potions
 d - 2 potions of might
 e - 5 potions of degeneration {unknown}
 i - 2 potions of enlightenment
 j - a potion of mutation {!q}
 l - 4 potions of curing {unknown}
 o - 2 potions of ambrosia {unknown}
 p - a potion of attraction {unknown}
 t - a potion of heal wounds {unknown}
 u - 2 potions of lignification {unknown}
 x - a potion of magic {unknown}
 A - a potion of berserk rage {unknown}
 B - a potion of resistance {unknown}

Dungeon Overview and Level Annotations

Branches:
Dungeon (9/15) Zot: 25885  Temple (0/1) D:7            Lair (0/5) D:8
    Orc: D:9-12

Altars:
Elyvilon
Fedhas
Gozag
Hepliaklqana
Okawaru
Qazlal
Sif Muna
Trog
The Shining One

Shops:
D:8 ?

Annotations:
D:5 1 runed translucent door, Pi314's ghost, weakling DrSh

....##.....##.......#
######.)...##.......#
.#####.....##.......#
.....#.....##.......#
รท...........#.......####
............#...........
รท...........#...........
............#..โ—‹./......
)...........#...@ยง......
#...........#....O......
#...........#.$/.)......
#...........#........$..
#############........... #
#..........$ #
#........... #
#...........


You could see a two-headed ogre (very poisoned).


Message History

You barely miss the wight. You block the wight's attack.
You hit the wight but do no damage. You closely miss the wight.
You hit the wight but do no damage. The wight hits you with a +3 dagger.
You feel drained.
You slash the wight! x2; You block the wight's attack.
The wight hits you with a +3 dagger. ๐Ÿ˜• HP[-7]
You now have 80 max hp (-1).
You take 7 damage, and now have 67/80 hp.
You slash the wight!
You destroy the wight!
Qazlal accepts your kill.
You hit the wight.
You destroy the wight!
Qazlal accepts your kill.
You now have 82 max hp (+2).
Unknown command.
Things that are here:
a +3 dagger; a +0 robe You start resting. ๐Ÿ˜• HP[+2]
You regained 2 hp, and now have 69/82 hp.
There is a stone staircase leading up, spattered with blood here.
Things that are here:
a +4 flail; a +0 robe of positive energy No target in view!
No target in view!
Things that are here:
a +3 dagger; a +0 robe You pick up a book of Changes and begin reading...
You add the spells Wereblood and Irradiate to your library.
You see here a yak skeleton. ๐Ÿ˜Ž HP[+13]
Your hp is fully restored (82).
H - a scroll labelled XOGYMU WIESE No target in view!
No target in view!
A wight comes into view. It is wielding a +0 mace.
A wight is nearby!
A wight is nearby!
A wight is nearby!
You slash the wight! The wight hits you with a +0 mace.
You feel drained.
You slice the wight!!
You destroy the wight!
Qazlal accepts your kill. ๐Ÿ˜• HP[-2]
You take 2 damage, and now have 80/82 hp.
You now have 1041 gold pieces (gained 9).
Things that are here:
a +0 mace; a +0 scale mail
F - 2 scrolls of identify {@r1} (gained 1)
F - 3 scrolls of identify {@r1} (gained 1)
You open the large door.
There is a large open door here.
There is a large open door here.
Key pressed, stopping explore.
No target in view!
No target in view! ๐Ÿ˜Ž HP[+2]
Your hp is fully restored (82).
You open the door. You open the large door.
There is a large open door here.
There is a large open door here.
A two-headed ogre comes into view.
It is wielding a +0 giant club and a +0 giant spiked club.
The two-headed ogre shouts in stereo!
A two-headed ogre is nearby!
A two-headed ogre is nearby!
The two-headed ogre barely misses you. The two-headed ogre closely misses you.
You slash the two-headed ogre!
The two-headed ogre hits you with a +0 giant club!!
The two-headed ogre hits you with a +0 giant spiked club. ๐Ÿ˜ฎ HP[-32]
You take 32 damage, and now have 50/82 hp.
MASSIVE DAMAGE!! (PAUSE)
You hit the two-headed ogre. ๐Ÿ˜ฎ HP[+1]
You closely miss the two-headed ogre. The two-headed ogre closely misses you.
You block the two-headed ogre's attack.
Unknown command.
You slash the two-headed ogre!
Unknown command.
You barely miss the two-headed ogre.
The two-headed ogre hits you with a +0 giant club!
* * * LOW HITPOINT WARNING * * *
The two-headed ogre hits you with a +0 giant spiked club!!
* * * LOW HITPOINT WARNING * * *
๐Ÿ˜ฑ HP[-32]
You take 32 damage, and now have 19/82 hp.
MASSIVE DAMAGE!! (PAUSE)
You slash the two-headed ogre! ๐Ÿ˜ฑ HP[+1] Unknown command.
You slash the two-headed ogre!
The two-headed ogre is poisoned.
The two-headed ogre hits you with a +0 giant club!
* * * LOW HITPOINT WARNING * * *
The two-headed ogre hits you with a +0 giant spiked club!
You die...

Skill      XL: |  1  2  3  4  5  6  7  8  9 10 |
---------------+-------------------------------+-----
Axes           | 3 4 5 6 7 8 10 13 15 | 15.5
Fighting       | 4 5 6 7 |  7.0
Armour         | 4 5 6 7 |  7.0
Invocations    | 2 7 9 |  9.1
Shields        | |  3.2

Action                     |  1- 3 |  4- 6 |  7- 9 | 10-12 || total
---------------------------+-------+-------+-------+-------++-------
  Melee: War axe           |    87 |   151 |   247 |    94 ||   579
  Evoke: Wand              |       |       |    10 |     1 ||    11
    Use: Scroll            |       |     8 |     3 |       ||    11
         Potion            |       |       |     1 |       ||     1
 Armour: Scale mail        |    71 |   101 |   187 |    82 ||   441
  Dodge: Dodged            |    42 |    74 |    94 |    33 ||   243
  Block: Buckler           |    18 |    37 |    47 |    32 ||   134

Levels and vault maps discovered:
D:1:      minmay_arrival_glassed_features, layout_loops_cross,
          hellmonk_ecumenical_altar_run_dry
D:2:      layout_basic, st_stairs_10, uniq_jessica, uniq_robin
D:3:      layout_basic, chequers_arboretum, minmay_stone_trees_medium,
          minmay_misc_feat_five, minmay_splitting_lines
D:4:      layout_basic, minmay_distorted
D:5:      layout_cave_pods, old_standard_altar, gammafunk_ghost_grave,
          nicolae_fountain_basement
D:6:      layout_layer_cave, grunt_qazlal_clouds, mainiacjoe_overflow_chevrons,
          lemuel_coloured_pillars_altar, uniq_grinder
D:7:      layout_gridville, elyvilon_altar_5, fedhas_ov_isle_minmay,
          amcnicky_altar_gilded, trog_book, mainiacjoe_overflow_cross_hatched,
          minmay_temple_entry_fiery
D:8:      layout_layer_cave, erik_lair_island, nicolae_nh_oracle_at_delphi,
          uniq_prince_ribbit1
D:9:      layout_basic, kennysheep_mini_moat, mainiacjoe_overflow_alcove_2,
          minmay_diced_spiral, uniq_pikel

Notes
Turn   | Place    | Note
-------+----------+-------------------------------------------
     0 | D:1      | kae the Hill Orc Fighter began the quest for the Orb.
     0 | D:1      | Reached XP level 1. HP: 19/19 MP: 1/1
     0 | D:1      | magus.rc [v1.11.3]
    25 | D:1      | Reached skill level 3 in Axes
    66 | D:1      | Found a faded altar of an unknown god.
   144 | D:1      | Reached XP level 2. HP: 24/27 MP: 2/2
   280 | D:1      | Reached skill level 4 in Fighting
   329 | D:1      | Reached XP level 3. HP: 29/33 MP: 3/3
   436 | D:1      | Reached skill level 4 in Axes
   837 | D:2      | Reached XP level 4. HP: 29/40 MP: 4/4
  1057 | D:2      | Noticed Robin
  1115 | D:2      | Killed Robin
  1116 | D:2      | Reached skill level 4 in Armour
  1491 | D:2      | Noticed Jessica
  1499 | D:2      | Killed Jessica
  1500 | D:2      | Reached skill level 5 in Axes
  1500 | D:2      | Reached XP level 5. HP: 41/47 MP: 5/5
  2004 | D:3      | Identified a scroll of acquirement
  2004 | D:3      | Acquired 478 gold pieces
  3129 | D:4      | Reached skill level 5 in Fighting
  3133 | D:4      | Reached skill level 6 in Axes
  3133 | D:4      | Reached XP level 6. HP: 50/56 MP: 6/6
  3282 | D:4      | Noticed an orc warrior
  3296 | D:4      | Killed an orc warrior
  4096 | D:4      | Reached skill level 7 in Axes
  4143 | D:4      | Reached skill level 5 in Armour
  4143 | D:4      | Reached XP level 7. HP: 43/61 MP: 7/7
  4148 | D:4      | HP: 12/61 [gnoll/+0 halberd (9)]
  4347 | D:5      | Entered Level 5 of the Dungeon
  4627 | D:5      | Found a runed translucent door.
  4628 | D:5      | Noticed Pi314's ghost (weakling DrSh)
  4742 | D:5      | Reached skill level 6 in Fighting
  4872 | D:5      | Reached skill level 8 in Axes
  4980 | D:5      | Found an opulent altar of Gozag.
  5374 | D:6      | Found a stormy altar of Qazlal.
  5439 | D:6      | Noticed Grinder
  5452 | D:6      | Reached XP level 8. HP: 59/71 MP: 8/8
  5454 | D:6      | Killed Grinder
  5455 | D:6      | Reached skill level 9 in Axes
  5455 | D:6      | Reached skill level 6 in Armour
  5469 | D:6      | Found a hazy altar of Hepliaklqana.
  5480 | D:6      | Became a worshipper of Qazlal Stormbringer
  5695 | D:6      | You pick up a book of Spatial Translocations and begin
                  | reading...
  5695 | D:6      | You add the spells Blink, Momentum Strike and Lesser
                  | Beckoning to your library.
  6397 | D:6      | Reached skill level 7 in Fighting
  6481 | D:6      | Reached skill level 1 in Invocations
  6754 | D:6      | Found an iron altar of Okawaru.
  6908 | D:7      | Reached skill level 10 in Axes
  6911 | D:7      | Reached skill level 2 in Invocations
  7011 | D:7      | Found a white marble altar of Elyvilon.
  7147 | D:7      | Reached XP level 9. HP: 32/79 MP: 9/11
  7328 | D:7      | Found a staircase to the Ecumenical Temple.
  7459 | D:7      | Found a glowing golden altar of the Shining One.
  7464 | D:7      | Reached skill level 3 in Invocations
  7489 | D:7      | Found a blossoming altar of Fedhas.
  7532 | D:7      | Reached skill level 7 in Armour
  7755 | D:7      | Found a shimmering blue altar of Sif Muna.
  7786 | D:7      | Found a bloodstained altar of Trog.
  7792 | D:7      | Got an antique book
  7985 | D:7      | Reached skill level 11 in Axes
  8144 | D:8      | Noticed a troll
  8285 | D:7      | Killed a troll
  8286 | D:7      | Reached skill level 4 in Invocations
  8450 | D:8      | Reached * piety under Qazlal
  8645 | D:8      | Reached skill level 5 in Invocations
  8717 | D:8      | Reached skill level 12 in Axes
  8859 | D:8      | Noticed Prince Ribbit
  8868 | D:8      | Killed Prince Ribbit
  8928 | D:8      | Found a staircase to the Lair.
  8991 | D:8      | Reached skill level 6 in Invocations
  9172 | D:8      | Reached skill level 13 in Axes
  9383 | D:8      | Found The Oracle's Delphic Readings.
  9387 | D:8      | Bought a scroll of blinking for 82 gold pieces
  9630 | D:8      | Noticed a hornet
  9637 | D:8      | Killed a hornet
  9638 | D:8      | Reached skill level 7 in Invocations
  9638 | D:8      | Reached XP level 10. HP: 51/86 MP: 15/15
  9992 | D:9      | Noticed Pikel
 10006 | D:9      | Killed Pikel
 10007 | D:9      | Reached skill level 14 in Axes
 10362 | D:9      | Reached skill level 8 in Invocations
 10368 | D:9      | Reached ** piety under Qazlal
 10674 | D:9      | Reached skill level 15 in Axes
 10678 | D:9      | HP: 21/86 [yak (6)]
 10684 | D:9      | HP: 14/86 [wight/+0 great sword (9)]
 10903 | D:8      | Reached skill level 9 in Invocations
 11007 | D:9      | You pick up a book of Changes and begin reading...
 11007 | D:9      | You add the spells Wereblood and Irradiate to your library.
 11079 | D:9      | Noticed a two-headed ogre
 11087 | D:9      | HP: 19/82 [two-headed ogre/+0 giant club (18)]
 11089 | D:9      | HP: 3/82 [two-headed ogre/+0 giant club (17)]
 11089 | D:9      | Demolished by a two-headed ogre

Vanquished Creatures
  Pikel (D:9)
  2 trolls
  2 hornets
  Grinder (D:6)
  Prince Ribbit (D:8)
  5 yaks (D:9)
  A steam dragon (D:7)
  An ice beast (D:5)
  An orc warrior (D:4)
  3 wolves (D:8)
  3 centaurs
  A lemure (D:9)
  2 ogres
  2 phantoms
  3 kobold brigands
  5 bullfrogs
  A gnoll sergeant (D:9)
  2 scorpions (D:5)
  8 wights
  4 howler monkeys
  4 electric eels (D:8)
  2 jellies
  2 gnoll boudas
  8 hounds
  A sleepcap (D:5)
  Jessica (D:2)
  4 iguanas
  2 orc wizards
  Robin (D:2)
  16 gnolls
  6 adders
  A shadow imp (D:6)
  2 ufetubi
  2 dart slugs
  26 orcs
  4 ball pythons
  9 endoplasms
  A giant cockroach (D:4)
  12 goblins
  4 hobgoblins
  10 jackals
  14 kobolds
  4 quokkas
  6 bats
  2 frilled lizards
  5 rats
198 creatures vanquished.

Table legend:
 A = Non-vault XP
 B = Vault XP
 C = Vault XP percentage of total XP
 D = Non-vault monster count
 E = Vault monster count
 F = Vault count percentage of total count
                 A         B        C        D         E       F
            +---------+---------+-------+---------+---------+-------
      Total |    5210 |    3034 |  36.8 |     158 |      39 |  19.8
            +---------+---------+-------+---------+---------+-------
        D:1 |      69 |       4 |   5.5 |      26 |       2 |   7.1
        D:2 |      11 |      83 |  88.3 |       9 |      13 |  59.1
        D:3 |      25 |       0 |   0.0 |      10 |       0 |   0.0
        D:4 |     401 |      46 |  10.3 |      26 |       3 |  10.3
        D:5 |     469 |      42 |   8.2 |      14 |       2 |  12.5
        D:6 |     471 |     272 |  36.6 |      12 |       1 |   7.7
        D:7 |     753 |     307 |  29.0 |      12 |       1 |   7.7
        D:8 |    1299 |     885 |  40.5 |      29 |      11 |  27.5
        D:9 |    1712 |    1395 |  44.9 |      20 |       6 |  23.1
            +---------+---------+-------+---------+---------+-------

Skill      XL: |  1  2  3  4  5  6  7  8  9 10 |
---------------+-------------------------------+-----
Axes           | 3 4 5 6 7 8 10 13 15 | 15.5
Fighting       | 4 5 6 7 |  7.0
Armour         | 4 5 6 7 |  7.0
Invocations    | 2 7 9 |  9.1
Shields        | |  3.2

Action                     |  1- 3 |  4- 6 |  7- 9 | 10-12 || total
---------------------------+-------+-------+-------+-------++-------
  Melee: War axe           |    87 |   151 |   247 |    94 ||   579
  Evoke: Wand              |       |       |    10 |     1 ||    11
    Use: Scroll            |       |     8 |     3 |       ||    11
         Potion            |       |       |     1 |       ||     1
 Armour: Scale mail        |    71 |   101 |   187 |    82 ||   441
  Dodge: Dodged            |    42 |    74 |    94 |    33 ||   243
  Block: Buckler           |    18 |    37 |    47 |    32 ||   134

Illustrated notes

Table legend:
 A = Kills in this place as a percentage of kills in the entire game.
 B = Kills by you in this place as a percentage of kills by you in the entire game.
 C = Kills by friends in this place as a percentage of kills by friends in the entire game.
 D = Other kills in this place as a percentage of other kills in the entire game.
 E = Experience gained in this place as a percentage of experience gained in the entire game.
 F = Experience gained in this place divided by the number of levels of this place that you have seen.
                   A       B       C       D       E      F
               +-------+-------+-------+-------+-------+----------------------
         Total | 100.0 | 100.0 |   N/A |   N/A | 100.0 | 916.0
       Dungeon | 100.0 | 100.0 |   N/A |   N/A | 100.0 | 916.0
               +-------+-------+-------+-------+-------+----------------------

Table legend: (Time is in decaauts)
 A = Elapsed time spent in this place.
 B = Non-inter-level travel time spent in this place.
 C = Inter-level travel time spent in this place.
 D = Time resting spent in this place.
 E = Time spent auto-exploring this place.
 F = Levels seen in this place.
 G = Mean time per level.
                   A        B        C        D        E       F      G
               +--------+--------+--------+--------+--------+-----+--------+
         Total |  11157 |  10782 |    375 |   1469 |   7856 |   9 | 1239.7 |
       Dungeon |  11157 |  10782 |    375 |   1469 |   7856 |   9 | 1239.7 |
               +--------+--------+--------+--------+--------+-----+--------+

Top non-repeatable levels by time:
     D:8: 2057 daAuts
     D:4: 1711 daAuts
     D:6: 1623 daAuts
     D:7: 1335 daAuts
     D:2: 1147 daAuts
     D:5: 976 daAuts
     D:1: 852 daAuts
     D:3: 763 daAuts
     D:9: 690 daAuts
